 Dungeon Crawl Stone Soup version 0.30.1-4-g462c640d31 (webtiles) character file.

Game seed: 7708379396365226097

24430 LynnLen the Covert (level 12, -26/62 HPs)
             Began as a Spriggan Enchanter on Aug 15, 2023.
             Was an Elder of Dithmenos.
             Killed from afar by a bog body (42 damage)
             ... with a bolt of cold
             ... on level 2 of the Lair of Beasts.
             The game lasted 00:56:04 (16640 turns).

LynnLen the Covert (Spriggan Enchanter)            Turns: 16640, Time: 00:56:05

Health: -26/62     AC: 10    Str:  8    XL:     12   Next: 80%
Magic:  25/27      EV: 25    Int: 18    God:    Dithmenos [****..]
Gold:   731        SH:  0    Dex: 21    Spells: 16/31 levels left

rFire   . . .        H - +5 dagger (protect)
rCold   . . .        (no shield)
rNeg    . . .        O - +0 troll leather armour
rPois   .            (helmet restricted)
rElec   .            u - +1 cloak
rCorr   .            (gloves unavailable)
SInv    +            (boots unavailable)
Will    ++...        (no amulet)
Stlth   ++++++++     m - +6 ring of dexterity
HPRegen 1.10/turn    q - +4 ring of protection
MPRegen 0.20/turn

%: no passive effects
@: wreathed by umbra, very quick
A: very small, no large weapons, unfitting armour, see invisible, speed 3
a: Renounce Religion, Shadow Step


You were on level 2 of the Lair of Beasts.
You worshipped Dithmenos.
Dithmenos was greatly pleased with you.
You visited 3 branches of the dungeon, and saw 14 of its levels.
You also visited: Bailey.

You collected 731 gold pieces.

Inventory:

Hand Weapons
 H - a +5 dagger of protection (weapon)
Missiles
 D - 8 datura-tipped darts
 E - 5 curare-tipped darts
 P - a throwing net
 Q - 3 poisoned darts
Armour
 b - a +0 robe
 u - a +1 cloak (worn)
 O - a +0 troll leather armour (worn)
Jewellery
 c - a +6 ring of dexterity
 f - a +6 ring of strength
 j - a ring of willpower
 m - a +6 ring of dexterity (left hand)
 q - a +4 ring of protection (right hand)
 s - a ring of flight
 x - a ring of magical power
 K - a +6 ring of dexterity
 T - a +6 ring of strength
Wands
 v - a wand of paralysis (12)
 y - a wand of flame (22)
 B - a wand of iceblast (22)
 I - a wand of acid (4)
Scrolls
 g - 7 scrolls of amnesia
 n - a scroll of fog
 o - a scroll of magic mapping
 w - 3 scrolls of blinking
 F - a scroll of noise
 J - 2 scrolls of teleportation
 M - a scroll of vulnerability
 N - a scroll of torment
Potions
 a - 3 potions of haste
 d - a potion of heal wounds {unknown}
 e - a potion of ambrosia {unknown}
 i - a potion of berserk rage
 k - 5 potions of mutation
 l - 3 potions of curing
 r - 5 potions of attraction
 t - 2 potions of lignification {unknown}
 C - a potion of brilliance {unknown}
 G - a potion of magic {unknown}
 L - 4 potions of might
 S - 2 potions of cancellation


   Skills:
 + Level 6.8 Fighting
 - Level 10.0 Short Blades
 + Level 3.4 Armour
 + Level 11.1 Dodging
 + Level 13.4 Stealth
 + Level 10.3 Spellcasting
 + Level 3.6 Conjurations
 + Level 9.3 Hexes
 - Level 4.5 Ice Magic


You had 16 spell levels left.
You knew the following spells:

 Your Spells              Type           Power      Damage    Failure   Level
a - Ensorcelled Hibernat  Hex/Ice        68%        N/A       1%          2
b - Confusing Touch       Hex            43%        N/A       1%          3
c - Tukima's Dance        Hex            43%        N/A       1%          3
d - Hailstorm             Conj/Ice       24%        3d7       6%          3
e - Fulminant Prism       Conj/Hex       16%        3d11      8%          4

Your spell library contained the following spells:

 Spells                   Type           Power      Damage    Failure   Level
 Freeze                   Ice            100%       1d10      1%          1
 Dazzling Flash           Conj/Hex       64%        N/A       2%          3
 Frozen Ramparts          Ice            50%        1d8       4%          3
 Summon Guardian Golem    Hex/Summ       26%        N/A       4%          3
 Summon Small Mammal      Summ           36%        N/A       11%         1
 Poisonous Vapours        Pois/Air       18%        N/A       17%         2
 Mephitic Cloud           Conj/Pois/Air  13%        N/A       21%         3
 Call Canine Familiar     Summ           9%         N/A       32%         3
 Volatile Blastmotes      Fire/Tloc      18%        2d11      32%         3
 Iskenderun's Mystic Bla  Conj/Tloc      15%        2d5       45%         4
 Freezing Cloud           Conj/Ice/Air   9%         6-21      69%         5
 Lee's Rapid Deconstruct  Erth           4%         3d5*      97%         5


Dungeon Overview and Level Annotations

Branches:
Dungeon (11/15)            Temple (1/1) D:4            Lair (2/5) D:11
  Swamp (0/4) Lair:2          Orc (0/2) D:11         Bailey (visited)
  Snake: Lair:2-3    Spider: Lair:2-3

Altars:
Ashenzari
Dithmenos
Elyvilon
Gozag
Hepliaklqana
Kikubaaqudgha
Makhleb
Ru
Sif Muna
Trog
Uskayaw
Vehumet
Xom
Zin
The Shining One

Shops:
D:3 [   D:6 *   D:9 :   D:10 *

Annotations:
D:5 Dowan, Duvessa
D:10 Fannar


Innate Abilities, Weirdness & Mutations

You are very small and have problems with some larger weapons.
You are too small for most types of armour.
You have supernaturally acute eyesight. (SInv)
You cover ground extremely quickly. (Speed+++)


Message History

Unknown command.
The blink frog blinks!
Aiming: Ensorcelled Hibernation (safe; 1% risk of failure)
Press: ? - help, Q - select action, (/) - cycle Shift-Dir - straight line, f/p - blink frog
Aim: a blink frog (umbra, chance to affect: 45%)
The blink frog resists with some effort.
Unknown command.
Aiming: Ensorcelled Hibernation (safe; 1% risk of failure)
Press: ? - help, Q - select action, (/) - cycle Shift-Dir - straight line, f/p - blink frog
Aim: a blink frog (umbra, chance to affect: 45%)
The blink frog looks drowsy...
The bog body points at you and mumbles some strange words.
The bolt of cold hits you!!
The helpless blink frog fails to defend itself.
You spit the blink frog like a pig!!!!
Your weapon exudes an aura of protection.
You kill the blink frog!
Dithmenos accepts your kill.
You see here a blink frog corpse.
The bog body points at you and mumbles some strange words.
You resist with almost no effort.
You start resting.
HP restored.
You start resting.
Magic restored.
You see here a blink frog corpse.
Casting: Confusing Touch (safe; 1% risk of failure)
Press: ? - help, Q - select action, (/) - cycle Dir - look around, f - activate Your hands begin to glow red.
The bog body gestures at you while chanting.
The bolt of cold hits you!!
You emit a cloud of dark smoke.
Unknown command.
Okay, then.
The bog body touches you. The bog body freezes you!!
* * * LOW HITPOINT WARNING * * *
You hit the bog body but do no damage.
The bog body appears confused.
The bog body points at you and mumbles some strange words.
The bolt of cold hits you!!!
Ouch! That really hurt!
You die...

# #..............§§♣...# #
#..........##.n..§.P.P ###
##....###.####.......#
#.#######....##....##§n§....#
.....#.##..........##§§§#.###
............†#P..n.§#§§## #
##.####.P....†.....§§§§# ###
###....##...§§..§# ##
#####.....'.@...§..#
.####.##......P######.§#
...............######..#
.......................#
.##.#.#.###...#.#.P#..##
######### ###.#.####### #####


You could see a bog body.

Vanquished Creatures
  A hydra (Lair:1)
  Harold (Lair:1)
  2 two-headed ogres (D:11)
  Sonja (Lair:2)
  Pikel (D:5)
  8 elephants (Lair:2)
  2 black mambas (Lair:1)
  Joseph (D:9)
  2 vault sentinels (D:9)
  3 cane toads
  An unseen horror (D:11)
  2 rime drakes
  5 komodo dragons
  2 polar bears
  A troll (D:11)
  A hornet (D:9)
  15 blink frogs
  Prince Ribbit (D:6)
  A spriggan (Lair:2)
  2 shadows (D:11)
  2 wraiths (D:10)
  4 steam dragons
  15 yaks
  A wyvern (Lair:1)
  A basilisk (Lair:1)
  Menkaure (D:5)
  2 acid dragons
  6 water moccasins
  6 ice beasts
  6 orc warriors
  3 black bears
  A hornet zombie (D:5)
  2 ogres
  9 wolves
  A lemure (D:4)
  8 centaurs
  3 phantoms (D:5)
  9 kobold brigands
  6 bullfrogs
  3 wights (D:5)
  2 howler monkeys
  2 bullfrog zombies (D:5)
  3 orc priests
  4 hounds
  3 gnoll boudas
  A sleepcap (D:6)
  2 iguanas
  A centaur skeleton (D:5)
  2 orc wizards
  11 gnolls
  13 adders
  2 shadow imps
  2 white imps
  2 worms (D:2)
  4 dart slugs
  21 orcs
  3 ball pythons
  5 bats
  4 endoplasms
  6 goblins
  4 hobgoblins
  5 quokkas
  A frilled lizard (D:3)
  20 kobolds
  4 rats
269 creatures vanquished.

Vanquished Creatures (collateral kills)
  A centaur (D:6)
  A wight (D:5)
  A gnoll (D:5)
  A white imp (D:7)
  3 orcs (D:7)
  A kobold (D:8)
8 creatures vanquished.

Vanquished Creatures (others)
  3 dancing weapons
  A kobold (D:8)
4 creatures vanquished.

Grand Total: 281 creatures vanquished

Notes
Turn   | Place    | Note
-------+----------+-------------------------------------------
     0 | D:1      | LynnLen the Spriggan Enchanter began the quest for the Orb.
     0 | D:1      | Reached XP level 1. HP: 9/9 MP: 5/5
   269 | D:1      | Reached XP level 2. HP: 13/13 MP: 6/6
   272 | D:1      | Learned a level 2 spell: Ensorcelled Hibernation
   925 | D:1      | Found a faded altar of an unknown god.
  1162 | D:2      | Reached XP level 3. HP: 16/17 MP: 8/8
  1166 | D:2      | Learned a level 3 spell: Confusing Touch
  1170 | D:2      | Learned a level 3 spell: Tukima's Dance
  2178 | D:2      | Reached XP level 4. HP: 18/21 MP: 9/9
  2502 | D:3      | Found a hazy altar of Hepliaklqana.
  2504 | D:3      | Found a burning altar of Makhleb.
  2549 | D:3      | Reached skill level 5 in Stealth
  2626 | D:3      | Reached skill level 1 in Fighting
  2626 | D:3      | Reached XP level 5. HP: 25/25 MP: 11/11
  2901 | D:3      | Reached skill level 1 in Ice Magic
  2970 | D:3      | Found Jic Moshref's Armour Shoppe.
  3442 | D:4      | Found a staircase to the Ecumenical Temple.
  3494 | Temple   | Entered the Ecumenical Temple
  3559 | Temple   | Became a worshipper of Dithmenos the Shadowed
  4010 | D:5      | Entered Level 5 of the Dungeon
  4057 | D:5      | Noticed a lemure
  4079 | D:4      | Killed a lemure
  4138 | D:5      | Noticed Pikel
  4138 | D:5      | Noticed a lemure
  4138 | D:5      | Noticed a lemure
  4138 | D:5      | Noticed a lemure
  4146 | D:5      | Killed Pikel
  4147 | D:5      | Reached skill level 6 in Stealth
  4147 | D:5      | Reached skill level 5 in Hexes
  4147 | D:5      | Reached XP level 6. HP: 18/30 MP: 9/13
  4147 | D:5      | Reached XP level 7. HP: 21/34 MP: 9/14
  4201 | D:5      | Noticed Menkaure
  4274 | D:5      | Noticed Duvessa
  4274 | D:5      | Noticed Dowan
  4514 | D:5      | Reached XP level 8. HP: 34/39 MP: 6/15
  4564 | D:6      | Reached skill level 5 in Short Blades
  4564 | D:6      | Reached skill level 5 in Dodging
  4818 | D:5      | Killed Menkaure
  4819 | D:5      | Reached skill level 7 in Stealth
  4819 | D:5      | Reached skill level 5 in Spellcasting
  4996 | D:4      | Reached * piety under Dithmenos
  5223 | D:5      | Found a broken altar of Ashenzari.
  5574 | D:5      | Reached XP level 9. HP: 44/44 MP: 14/18
  5851 | D:6      | Found a bloodstained altar of Trog.
  6004 | D:6      | Found Hocodey's Assorted Antiques.
  6021 | D:6      | Noticed Prince Ribbit
  6035 | D:6      | Killed Prince Ribbit
  6036 | D:6      | Reached skill level 8 in Stealth
  6135 | D:6      | Reached ** piety under Dithmenos
  7218 | D:7      | Found an opulent altar of Gozag.
  7737 | D:8      | Found a glowing golden altar of the Shining One.
  7737 | D:8      | Found a glowing silver altar of Zin.
  7738 | D:8      | Found a white marble altar of Elyvilon.
  7847 | D:8      | Reached *** piety under Dithmenos
  8321 | D:8      | Found a hide-covered altar of Uskayaw.
  8373 | D:9      | Reached skill level 9 in Stealth
  8373 | D:9      | Reached XP level 10. HP: 49/49 MP: 20/20
  8428 | D:9      | Found a flagged portal.
  8437 | Bailey   | Entered a bailey
  8768 | Bailey   | Found a bloodstained altar of Trog.
  8926 | D:9      | Noticed Joseph
  8960 | D:9      | Killed Joseph
  9131 | D:9      | Found Xemucymp's Book Boutique.
  9286 | D:9      | Found a radiant altar of Vehumet.
  9521 | D:9      | Noticed a vault sentinel
  9521 | D:9      | Noticed a vault sentinel
  9981 | D:9      | Killed a vault sentinel
 10100 | D:9      | Killed a vault sentinel
 10101 | D:9      | Reached skill level 10 in Stealth
 10198 | D:9      | Found the +18 shield of the Gong {Loud rN+ Will+ rCorr
                  | EV-5}
 10232 | D:10     | Entered Level 10 of the Dungeon
 11139 | D:10     | Noticed Fannar
 11187 | D:10     | Found Sier's Lightly-Used Armoury.
 11225 | D:10     | Reached **** piety under Dithmenos
 11895 | D:11     | Found a staircase to the Lair.
 11920 | D:11     | Noticed a two-headed ogre
 11940 | D:11     | Reached XP level 11. HP: 51/54 MP: 18/23
 12098 | D:11     | Noticed a two-headed ogre
 12156 | D:11     | Killed a two-headed ogre
 12157 | D:11     | Reached skill level 5 in Fighting
 12370 | D:11     | Reached skill level 10 in Short Blades
 12392 | D:11     | Killed a two-headed ogre
 12393 | D:11     | Reached skill level 11 in Stealth
 12424 | D:11     | Learned a level 3 spell: Hailstorm
 12564 | D:11     | Found a staircase to the Orcish Mines.
 12769 | D:11     | Reached skill level 1 in Conjurations
 12787 | Lair:1   | Entered Level 1 of the Lair of Beasts
 12789 | Lair:1   | Noticed Harold
 12833 | Lair:1   | Noticed a four-headed hydra
 12839 | Lair:1   | Killed Harold
 12939 | Lair:1   | Reached skill level 1 in Armour
 13147 | Lair:1   | Killed a four-headed hydra
 13148 | Lair:1   | Reached skill level 12 in Stealth
 13245 | Lair:1   | Learned a level 4 spell: Fulminant Prism
 13315 | Lair:1   | Reached skill level 10 in Dodging
 13618 | Lair:1   | Noticed Sonja
 13725 | Lair:1   | Reached XP level 12. HP: 61/61 MP: 23/26
 14755 | Lair:2   | Killed Sonja
 15215 | Lair:2   | Reached skill level 13 in Stealth
 15509 | Lair:2   | Reached skill level 10 in Spellcasting
 16217 | Lair:2   | Found a staircase to the Swamp.
 16640 | Lair:2   | Killed from afar by a bog body

Illustrated notes

Levels and vault maps discovered:
D:1:      kennysheep_arrival_forest, layout_loops_ring,
          hellmonk_ecumenical_altar_zigzags
D:2:      layout_loops_ring
D:3:      layout_basic, grunt_temple_overflow_open, serial_shops,
          nicolae_shop_crystal, lemuel_flame_loot_1
D:4:      layout_loops_cross, minmay_temple_entry_antechambers,
          dreamdust_wishing_well, minmay_misc_feat_diagonals, corner_web_ring,
          corexii_corridor_pit, dk_noncrumbling_3
D:5:      layout_loops_ring, ashenzari_altar_1, serial_undead, serial_undead_b,
          serial_undead_c, serial_undead_d, serial_undead_f, uniq_duvessa,
          uniq_menkaure, uniq_pikel
D:6:      layout_basic, marbit_many_paths, serial_shops, nicolae_diamond_shop,
          uniq_prince_ribbit1
D:7:      layout_loops_ring, kennysheep_mini
D:8:      layout_rooms, good_gods_temple_1, nicolae_uskayaw_suspiria
D:9:      layout_long_grid, vehumet_altar_wand_db, serial_shops,
          nicolae_shop_tiny_glass, enter_bailey_8, serial_park_tiny_2,
          hellmonk_guarded_unrand_gong, uniq_joseph
D:10:     layout_gridville, minmay_shop_damaged, uniq_fannar
D:11:     layout_small_grid, hellmonk_lair_entry_icy, chequers_avenue,
          serial_bayou_crossing
Temple:   nicolae_temple_slightly_damp_pantheon
Lair:1:   layout_cellular_growth, grunt_megastairs_4,
          infiniplex_staircase_pool_2, uniq_sonja, uniq_harold
Lair:2:   layout_regular_city, skrybe_swamp_entry_bodies, forest_entry_grove

Skill      XL: |  1  2  3  4  5  6  7  8  9 10 11 12 |
---------------+-------------------------------------+-----
Spellcasting   | 3 4 5 6 7 9 10 | 10.3
Hexes          | 4 5 6 7 8 9 |  9.3
Dodging        | 3 4 5 7 8 10 11 | 11.1
Short Blades   | 2 4 6 7 9 10 | 10.0
Stealth        | 5 6 7 9 10 12 13 | 13.4
Fighting       | 1 2 3 4 6 |  6.8
Ice Magic      | 1 2 3 4 |  4.5
Conjurations   | 2 3 |  3.6
Armour         | 1 3 |  3.4

Action                     |  1- 3 |  4- 6 |  7- 9 | 10-12 || total
---------------------------+-------+-------+-------+-------++-------
  Melee: Dagger            |    89 |    56 |   463 |   457 ||  1065
         Punch             |       |       |     3 |     8 ||    11
   Cast: Ensorcelled Hiber |     3 |    17 |    28 |   117 ||   165
         Confusing Touch   |       |       |    18 |    20 ||    38
         Tukima's Dance    |       |       |    16 |    14 ||    30
         Hailstorm         |       |       |       |     7 ||     7
    Use: Scroll            |     3 |     3 |     5 |    16 ||    27
         Potion            |       |       |     2 |     2 ||     4
   Stab: Sleeping          |    13 |    14 |    35 |    79 ||   141
         Confused          |       |       |    18 |    21 ||    39
         Distracted        |       |       |     1 |     1 ||     2
         Invisible         |       |       |     1 |       ||     1
 Armour: Robe              |     2 |    11 |    45 |    21 ||    79
         Troll leather arm |       |       |       |    41 ||    41
  Dodge: Dodged            |    47 |    32 |   347 |   501 ||   927
